[Event "Titled Tuesday Blitz April 11 Late 2023"]
[White "Rozman, Levy"]
[Black "Coenen, Michael"]
[WhiteFideId "2039877"]
[BlackFideId "4697367"]
[WhiteElo "2376"]
[BlackElo "2328"]
[Result "1-0"]
[Round "11"]
[TimeControl "180+2"]
[Date "2023.04.11"]
[WhiteClock "0:00:10"]
[BlackClock "0:00:06"]

1. e4 c5 2. Nc3 g6 3. d4 Bg7 4. Be3 cxd4 5. Bxd4 Bxd4 6. Qxd4 Nf6 7. e5 Nc6 8. Qf4 Nh5 9. Qe3 Qa5 10. g4 Ng7 11. f4 O-O 12. O-O-O d6 13. exd6 Bxg4 14. Be2 Bxe2 15. Ngxe2 exd6 16. Rd5 Qa6 17. a3 Rfe8 18. Qd2 Rad8 19. Rg1 Qb6 20. Rd3 Ne7 21. h4 a6 22. h5 Nxh5 23. Rh3 Ng7 24. Ne4 d5 25. Ng5 h6 26. Rxh6 Nef5 27. Rhh1 d4 28. Ng3 d3 29. Qh2 d2+ 30. Kd1 Re1+ 31. Rxe1 dxe1=Q+ 32. Kxe1 Qe3+ 33. Ne2 Kf8 34. Qh8+ Ke7 35. Qh3 Ne6 36. Nxe6 Qxh3 37. Rxh3 Kxe6 38. Rb3 b5 39. a4 Nd6 40. Re3+ Kf6 41. Nc3 b4 42. Nd5+ Kg7 43. Nxb4 Nc4 44. Rd3 Rb8 45. Nxa6 Rxb2 46. Rc3 Rb1+ 47. Kf2 Nd6 48. Nc5 Ra1 49. Ke2 Nf5 50. Kd3 Rd1+ 51. Kc4 Rf1 52. a5 Rxf4+ 53. Kb5 Rf1 54. Ra3 Nd4+ 55. Kb6 Nxc2 56. Ra4 Rb1+ 57. Kc7 Nb4 58. Nd7 Nd5+ 59. Kd6 Nb4 60. a6 Nxa6 61. Rxa6 Rd1+ 62. Ke7 Re1+ 63. Kd8 g5 64. Ra5 Kg6 65. Nf8+ Kh5 66. Nh7 Rg1 67. Ke7 Kg6 68. Nf8+ Kg7 69. Nd7 Re1+ 70. Ne5 g4 71. Kd6 Re4 72. Ra3 Re1 73. Nxg4 f6 74. Rg3 Kg6 75. Kd5 Kf5 76. Nh2 Kf4 77. Rg4+ Kf5 78. Rg8 Rd1+ 79. Kc4 Rc1+ 80. Kd3 Rd1+ 81. Ke3 Rd7 82. Nf3 Ra7 83. Rd8 Ra3+ 84. Kf2 Ra2+ 85. Kg3 Ra3 86. Rd5+ Kg6 87. Rb5 Rc3 88. Kf4 Rc4+ 89. Ke3 Rc3+ 90. Ke4 Rc4+ 91. Nd4 Ra4 92. Rb2 Kf7 93. Rf2 Ke7 94. Kd5 Ra5+ 95. Kc4 Ra4+ 96. Kc5 Ra5+ 97. Kb4 Rd5 98. Kc4 Ra5 99. Nc6+ 1-0


[Site "https://www.chess.com"]

[Event "Titled Tuesday Blitz April 11 Late 2023"]
[White "Mortazavi, Ali"]
[Black "Korchmar, Vasiliy"]
[WhiteFideId "401323"]
[BlackFideId "24131750"]
[WhiteElo "2339"]
[BlackElo "2370"]
[Result "0-1"]
[Round "11"]
[TimeControl "180+2"]
[Date "2023.04.11"]
[WhiteClock "0:00:01"]
[BlackClock "0:00:44"]

1. Nf3 d5 2. g3 g6 3. Bg2 Bg7 4. O-O e5 5. d3 Ne7 6. Nbd2 O-O 7. e4 d4 8. Ne1 c5 9. a4 Nbc6 10. f4 Be6 11. Nc4 f6 12. b3 Kh8 13. Nf3 a6 14. Bd2 b5 15. axb5 axb5 16. Rxa8 Qxa8 17. Nb2 Qa2 18. Bc1 exf4 19. gxf4 f5 20. Qe1 fxe4 21. dxe4 c4 22. bxc4 bxc4 23. Kh1 d3 24. c3 Qb3 25. e5 Nd5 26. Ng5 Bg8 27. e6 Bxc3 28. Qh4 Nce7 29. Nd1 Bg7 30. Bxd5 Nxd5 31. f5 Rxf5 32. Re1 Qb7 33. e7 Nxe7+ 34. Kg1 Nc6 35. Re8 Bd4+ 36. Ne3 Qd7 37. Ra8 c3 0-1


[Site "https://www.chess.com"]

[Event "Titled Tuesday Blitz April 11 Late 2023"]
[White "Belov, Alexei"]
[Black "Manukyan, Sargis A."]
[WhiteFideId "4128206"]
[BlackFideId "13303970"]
[WhiteElo "2421"]
[BlackElo "2187"]
[Result "0-1"]
[Round "11"]
[TimeControl "180+2"]
[Date "2023.04.11"]
[WhiteClock "0:01:24"]
[BlackClock "0:01:03"]

1. e4 c5 2. Nf3 d6 3. d4 cxd4 4. Nxd4 Nf6 5. Nc3 g6 6. Be3 Bg7 7. f3 O-O 8. Qd2 Nc6 9. Bc4 Bd7 10. O-O-O Rc8 11. Bb3 Nxd4 12. Bxd4 b5 13. a3 a5 14. Rhe1 b4 15. axb4 axb4 16. Nd5 Nxd5 17. Bxg7 Kxg7 18. exd5 Re8 19. Qxb4 Rb8 20. Qd4+ Kg8 21. Re3 Qa5 22. Rde1 Rb4 23. Bc4 Bb5 24. b3 Bxc4 25. Rxe7 Rf8 26. Re8 Rb8 27. Rxf8+ Rxf8 28. bxc4 Qxe1+ 0-1


[Site "https://www.chess.com"]

[Event "Titled Tuesday Blitz April 11 Late 2023"]
[White "Goroshkov, Maksym"]
[Black "Adewumi, Tanitoluwa"]
[WhiteFideId "14142716"]
[BlackFideId "30966396"]
[WhiteElo "2322"]
[BlackElo "2283"]
[Result "0-1"]
[Round "11"]
[TimeControl "180+2"]
[Date "2023.04.11"]
[WhiteClock "0:00:18"]
[BlackClock "0:00:10"]

1. e4 c5 2. c3 Nf6 3. e5 Nd5 4. Bc4 e6 5. d4 Nc6 6. Nf3 cxd4 7. cxd4 d6 8. exd6 Bxd6 9. O-O O-O 10. Nc3 Nxc3 11. bxc3 Qc7 12. Bd3 h6 13. Be3 a6 14. Qd2 f5 15. Qc2 e5 16. dxe5 Nxe5 17. Nxe5 Bxe5 18. f4 Bf6 19. Bd4 Be6 20. Rfe1 Bxd4+ 21. cxd4 Qxf4 22. Qf2 Qxf2+ 23. Kxf2 Kf7 24. Re5 g6 25. Rae1 Rfe8 26. g4 fxg4 27. Bxg6+ Kxg6 28. Rxe6+ Rxe6 29. Rxe6+ Kg5 30. Kg3 Rd8 31. Re5+ Kf6 32. Re4 h5 33. Kh4 Rd5 34. a3 b5 35. Rf4+ Kg6 36. Re4 Kf5 37. Re8 Kf4 38. Rf8+ Ke4 39. Rf6 a5 40. Rh6 Kxd4 41. Rxh5 Rxh5+ 42. Kxh5 b4 43. axb4 axb4 44. Kxg4 b3 45. h4 b2 46. h5 b1=Q 47. Kg5 Qh7 48. h6 Ke5 49. Kg4 Qxh6 50. Kf3 Qh2 51. Ke3 Qc2 52. Kf3 Qd2 53. Kg4 Qg2+ 54. Kh4 Kf5 55. Kh5 Qg5# 0-1


[Site "https://www.chess.com"]

[Event "Titled Tuesday Blitz April 11 Late 2023"]
[White "Kleiman, Jake"]
[Black "Dobre, Claudiu-Cristian"]
[WhiteFideId "2020041"]
[BlackFideId "1211854"]
[WhiteElo "2399"]
[BlackElo "2207"]
[Result "1-0"]
[Round "11"]
[TimeControl "180+2"]
[Date "2023.04.11"]
[WhiteClock "0:00:17"]
[BlackClock "0:00:01"]

1. e4 Nc6 2. Nf3 d6 3. d4 Nf6 4. Nc3 e5 5. dxe5 Nxe5 6. Nd4 c6 7. Be2 Be7 8. O-O O-O 9. f4 Ng6 10. Kh1 Re8 11. a4 a5 12. Bd3 Ng4 13. h3 Qb6 14. Nf5 Bxf5 15. exf5 Nf2+ 16. Rxf2 Qxf2 17. fxg6 hxg6 18. Ne4 Qb6 19. Bd2 d5 20. Ng5 Bb4 21. Bxb4 Qxb4 22. Qf1 f6 23. Nf3 Qxf4 24. Bxg6 Re3 25. Bd3 Rae8 26. Qf2 c5 27. b3 c4 28. bxc4 dxc4 29. Bf1 Qe4 30. Rb1 Re7 31. Rb5 c3 32. Rxa5 Qb4 33. Ra8+ Re8 34. Qxe3 Rxa8 35. Bb5 Kf8 36. Nd4 Qe7 37. Ne6+ Kg8 38. Qe4 Kh8 39. Bd3 g5 40. Qg6 Re8 41. Qh6+ Kg8 42. Bc4 1-0


[Site "https://www.chess.com"]

[Event "Titled Tuesday Blitz April 11 Late 2023"]
[White "Aldokhin, Ivan"]
[Black "Golubev, Mikhail"]
[WhiteFideId "24115720"]
[BlackFideId "14100983"]
[WhiteElo "2322"]
[BlackElo "2374"]
[Result "0-1"]
[Round "11"]
[TimeControl "180+2"]
[Date "2023.04.11"]
[WhiteClock "0:00:29"]
[BlackClock "0:01:29"]

1. e4 c5 2. Nf3 d6 3. d4 cxd4 4. Nxd4 Nf6 5. Nc3 g6 6. Bc4 Bg7 7. Bb3 O-O 8. h3 Nc6 9. Be3 Na5 10. O-O b6 11. Re1 Bb7 12. Bg5 Rc8 13. Qd3 a6 14. Nd5 Nxb3 15. Bxf6 exf6 16. Nxb3 f5 17. exf5 Bxd5 18. Qxd5 Rxc2 19. Nd4 Rc5 20. Qe4 Rc4 21. fxg6 hxg6 22. Rad1 Qf6 0-1


[Site "https://www.chess.com"]

[Event "Titled Tuesday Blitz April 11 Late 2023"]
[White "Ibadov, Dashgyn"]
[Black "Leitao, Rafael"]
[WhiteFideId "24107514"]
[BlackFideId "2101246"]
[WhiteElo "2208"]
[BlackElo "2609"]
[Result "0-1"]
[Round "11"]
[TimeControl "180+2"]
[Date "2023.04.11"]
[WhiteClock "0:00:01"]
[BlackClock "0:00:07"]

1. e4 e5 2. Nf3 Nc6 3. d4 exd4 4. Nxd4 Qf6 5. Nf3 Bb4+ 6. c3 Bc5 7. Be2 h6 8. O-O Nge7 9. Nbd2 d6 10. b4 Bxb4 11. e5 Nxe5 12. Qa4+ N5c6 13. Ne4 Qg6 14. cxb4 Qxe4 15. Re1 Qxb4 16. Qc2 Bf5 17. Qd1 O-O 18. Bd2 Qb2 19. Rc1 Qxa2 20. Bc3 Rae8 21. Nd4 Bg6 22. Nb5 Nd5 23. Bxg7 Kxg7 24. Bc4 Rxe1+ 25. Qxe1 Qb2 26. Bxd5 Qxb5 27. Qc3+ Kh7 28. Rd1 Qe2 0-1


[Site "https://www.chess.com"]

[Event "Titled Tuesday Blitz April 11 Late 2023"]
[White "Przybylski, Wojciech"]
[Black "De La Colina, Nicolas"]
[WhiteFideId "1117599"]
[BlackFideId "30946921"]
[WhiteElo "2222"]
[BlackElo "2046"]
[Result "0-1"]
[Round "11"]
[TimeControl "180+2"]
[Date "2023.04.11"]
[WhiteClock "0:00:06"]
[BlackClock "0:00:56"]

1. e4 c5 2. Nf3 Nc6 3. d4 cxd4 4. Nxd4 Nf6 5. Nc3 d6 6. Bg5 Bd7 7. Qd2 h6 8. Bxf6 gxf6 9. O-O-O Nxd4 10. Qxd4 Qa5 11. f4 Rc8 12. Kb1 Qc5 13. Qd3 f5 14. e5 Bg7 15. Be2 O-O 16. Bf3 b5 17. Rhe1 Rfd8 18. Nd5 dxe5 19. fxe5 Be6 20. b4 Rxd5 21. bxc5 Rxd3 22. cxd3 Rxc5 23. d4 Rc4 24. a3 Rc3 25. Rd2 Rxa3 26. d5 Bd7 27. Kb2 Ra4 28. Kb3 a5 29. Ra2 Rb4+ 30. Kc3 Rc4+ 31. Kd3 a4 32. Rc2 Rxc2 33. Kxc2 f4 34. Be2 b4 35. Bd3 f6 36. e6 Be8 37. Be4 f5 38. Bxf5 b3+ 39. Kd3 Bb5+ 40. Ke4 a3 41. Kxf4 a2 42. d6 exd6 43. e7 a1=Q 44. Be6+ Kh8 45. Rxa1 Bxa1 46. Bf7 Be5+ 47. Kf3 b2 48. Bg6 Kg7 49. Bc2 Kf7 50. g4 Kxe7 51. h4 Bc6+ 52. Ke3 Kf6 53. g5+ hxg5 54. hxg5+ Kxg5 55. Kd3 Kf4 56. Kc4 Ke3 57. Kb3 Kd2 58. Ka2 Kxc2 59. Ka3 Bc3 60. Ka2 b1=Q+ 61. Ka3 Qa1# 0-1


[Site "https://www.chess.com"]

[Event "Titled Tuesday Blitz April 11 Late 2023"]
[White "Kavutskiy, Konstantin"]
[Black "Sreyas Payyappat"]
[WhiteFideId "2026384"]
[BlackFideId "46674969"]
[WhiteElo "2323"]
[BlackElo "2083"]
[Result "0-1"]
[Round "11"]
[TimeControl "180+2"]
[Date "2023.04.11"]
[WhiteClock "0:00:21"]
[BlackClock "0:01:50"]

1. Nf3 Nf6 2. e3 c5 3. c4 Nc6 4. b3 g6 5. Bb2 Bg7 6. Be2 O-O 7. O-O b6 8. Nc3 Bb7 9. d4 cxd4 10. exd4 d5 11. Re1 e6 12. Ne5 Nxe5 13. dxe5 Nd7 14. cxd5 Nxe5 15. dxe6 Qg5 16. f3 fxe6 17. Qc1 Nxf3+ 18. Bxf3 Qc5+ 19. Kh1 Rxf3 20. Na4 Qxc1 21. Raxc1 Bxb2 22. Rc2 Bd4 23. Rc4 Raf8 24. Rcc1 Rf2 0-1


[Site "https://www.chess.com"]

[Event "Titled Tuesday Blitz April 11 Late 2023"]
[White "Santos Flores, Alberto"]
[Black "Di Berardino, Diego Rafael"]
[WhiteFideId "3601234"]
[BlackFideId "2105446"]
[WhiteElo "2235"]
[BlackElo "2432"]
[Result "0-1"]
[Round "11"]
[TimeControl "180+2"]
[Date "2023.04.11"]
[WhiteClock "0:00:10"]
[BlackClock "0:00:10"]

1. d4 Nf6 2. Bf4 c5 3. e3 Nd5 4. Bg3 Qb6 5. Nc3 Nxc3 6. bxc3 Qa5 7. Qd2 d6 8. Nf3 g6 9. c4 Qxd2+ 10. Kxd2 Bg7 11. c3 Nc6 12. Be2 O-O 13. Rab1 b6 14. Ne1 Ba6 15. Nc2 Na5 16. Na3 Rac8 17. Rhc1 e5 18. d5 f5 19. Nb5 Bxb5 20. cxb5 f4 21. Bh4 Bf6 22. Bxf6 Rxf6 23. e4 h5 24. c4 Kg7 25. Kd3 Kh6 26. h4 Rg8 27. Rh1 Ra8 28. a4 Rf7 29. Kc3 a6 30. bxa6 Rxa6 31. Rb5 Rb7 32. Rhb1 Kg7 33. Bf1 Kf6 34. g3 Rb8 35. Bh3 Ke7 36. Be6 Kf6 37. Bh3 Ke7 38. Be6 fxg3 39. fxg3 Rf8 40. Rxb6 Rxb6 41. Rxb6 Rf3+ 42. Kc2 Nxc4 43. Rb7+ Kd8 44. a5 Ra3 45. Rd7+ Ke8 46. Rg7 Rxa5 47. Rxg6 Ra3 48. Rg5 Ke7 49. Rxh5 Rxg3 50. Rh7+ Kf6 51. h5 Rg2+ 52. Kc1 Ne3 53. Rf7+ Kg5 54. Rg7+ Kxh5 55. Rh7+ Kg5 56. Rd7 Kf4 57. Rxd6 Kxe4 58. Rc6 c4 59. d6 Kd3 60. d7 Kc3 61. Kb1 Rb2+ 62. Ka1 Nc2# 0-1


[Site "https://www.chess.com"]

[Event "Titled Tuesday Blitz April 11 Late 2023"]
[White "Gallegos Diaz, Carlos Alberto"]
[Black "Vlassov, Nikolai"]
[WhiteFideId "3900886"]
[BlackFideId "4103360"]
[WhiteElo "2362"]
[BlackElo "2324"]
[Result "0-1"]
[Round "11"]
[TimeControl "180+2"]
[Date "2023.04.11"]
[WhiteClock "0:00:20"]
[BlackClock "0:00:09"]

1. e4 c5 2. Nf3 d6 3. d3 Nc6 4. Nbd2 g6 5. Be2 Bg7 6. O-O f5 7. h3 Nf6 8. c3 O-O 9. Re1 e5 10. a3 f4 11. b4 h6 12. Bb2 g5 13. b5 Ne7 14. d4 Ng6 15. Bc4+ Kh8 16. a4 g4 17. hxg4 Bxg4 18. Qb3 Nh7 19. Be6 h5 20. Nh2 Qg5 21. Ndf3 Bxf3 22. Nxf3 Qh6 23. Bf5 Ng5 24. Bxg6 Nxf3+ 25. gxf3 Qxg6+ 26. Kf1 exd4 27. cxd4 Bxd4 28. Bxd4+ cxd4 29. Qd5 Rac8 30. Qxd4+ Qf6 31. Qxf6+ Rxf6 32. Rac1 Rc5 33. Ke2 Kg7 34. Rh1 Rxc1 35. Rxc1 h4 36. Rh1 Rh6 37. Rh3 Kf6 38. Kd3 Ke5 39. Kc4 Rh7 40. a5 Rh8 41. Kc3 d5 42. exd5 Kxd5 43. Kb4 Kd4 44. b6 axb6 45. axb6 Kd3 46. Kc5 Rh6 47. Kd5 Rh5+ 48. Ke6 Ke2 49. Rh2 Kxf3 50. Kf6 Rh6+ 51. Kg5 Rxb6 52. Rh3+ Kxf2 53. Kxf4 Rb4+ 54. Ke5 Kg2 55. Rc3 h3 56. Rc2+ Kg3 57. Rc3+ Kh4 58. Rc1 h2 59. Kd5 Kg3 60. Rc3+ Kg2 61. Rc2+ Kg3 62. Rc3+ Kg4 63. Rc1 Rf4 64. Kc5 Kg3 65. Rh1 Kg2 0-1


[Site "https://www.chess.com"]

[Event "Titled Tuesday Blitz April 11 Late 2023"]
[White "Mickiewicz, Piotr"]
[Black "Thorfinnsson, Bjorn"]
[WhiteFideId "1114891"]
[BlackFideId "2300982"]
[WhiteElo "2246"]
[BlackElo "2395"]
[Result "0-1"]
[Round "11"]
[TimeControl "180+2"]
[Date "2023.04.11"]
[WhiteClock "0:00:01"]
[BlackClock "0:01:29"]

1. Nf3 d5 2. e3 c6 3. b3 Nf6 4. Bb2 Bf5 5. d3 e6 6. Nh4 Bg6 7. Nxg6 hxg6 8. g3 Nbd7 9. Bg2 Qa5+ 10. Nd2 Bb4 11. a3 Bc3 12. b4 Bxd2+ 13. Qxd2 Qc7 14. c4 a5 15. Qc2 axb4 16. axb4 O-O 17. O-O Qb6 18. Bd4 Qc7 19. Qb2 Rfc8 20. Bc3 b5 21. c5 e5 22. e4 d4 23. Bd2 Nf8 24. Bh3 Re8 25. Ra5 Rxa5 26. bxa5 N6d7 27. Bb4 Qb7 28. Ra1 Qa6 29. f4 exf4 30. gxf4 Ne6 31. Qc1 g5 32. Bxe6 Rxe6 33. f5 Rh6 34. Qxg5 f6 35. Qg3 Ne5 36. Kf2 Rxh2+ 37. Qxh2 Ng4+ 38. Kg2 Nxh2 39. Kxh2 Kf7 40. Kg3 g6 41. fxg6+ Kxg6 42. Kf3 f5 43. e5 Kf7 44. Rh1 Qc8 45. Rh6 Qg8 46. Rf6+ Ke7 47. a6 Qg4+ 48. Kf2 Qf4+ 49. Kg2 Qxe5 50. a7 Qe2+ 51. Kg1 Qd1+ 52. Kf2 Qc2+ 53. Kg3 Qxd3+ 54. Kh4 Qe4+ 55. Kh3 Qg4+ 56. Kh2 Qe2+ 57. Kh3 Qd3+ 58. Kh2 Qc2+ 59. Kh3 Qb3+ 60. Kh4 Kxf6 61. a8=Q Qxb4 62. Qh8+ Ke6 63. Qc8+ Kd5 64. Qxf5+ Kc4 65. Qe6+ Kxc5 66. Qe7+ Kc4 67. Qe6+ Kc3 68. Qxc6+ Qc4 69. Qf3+ d3+ 70. Kg3 Kc2 71. Qf5 b4 72. Kf2 b3 73. Ke1 Qc3+ 74. Kf1 b2 75. Qf2+ Kc1 76. Kg2 Qd2 77. Kh1 Qd1+ 78. Kh2 Qe2 79. Kh1 b1=Q 80. Qg1+ Kc2 81. Qc1+ Qxc1# 0-1


[Site "https://www.chess.com"]

[Event "Titled Tuesday Blitz April 11 Late 2023"]
[White "Kula, Robert"]
[Black "Urazayev, Arystanbek"]
[WhiteFideId "1101218"]
[BlackFideId "13709810"]
[WhiteElo "2180"]
[BlackElo "2449"]
[Result "0-1"]
[Round "11"]
[TimeControl "180+2"]
[Date "2023.04.11"]
[WhiteClock "0:00:08"]
[BlackClock "0:00:18"]

1. d4 Nf6 2. c4 e6 3. Nc3 Bb4 4. Nf3 b6 5. e3 O-O 6. Bd3 d5 7. O-O c5 8. Ne2 cxd4 9. exd4 dxc4 10. Bxc4 Bb7 11. Ne5 Nbd7 12. Bg5 Nxe5 13. dxe5 Qxd1 14. Rfxd1 Ne4 15. Be3 Rfd8 16. a3 Bc5 17. Bxc5 Nxc5 18. Nc3 Kf8 19. f3 Ke7 20. Kf2 Rac8 21. Rxd8 Rxd8 22. Rd1 Rxd1 23. Nxd1 g5 24. g3 f6 25. exf6+ Kxf6 26. Ke3 h5 27. b4 Nd7 28. f4 gxf4+ 29. gxf4 Kf5 30. Nf2 e5 31. Bd3+ Ke6 32. Be2 Nf6 33. Bc4+ Kf5 34. Bd3+ e4 35. Bc4 Bd5 36. Ba6 Ne8 37. Bc8+ Kf6 38. Bh3 Nd6 39. Kd4 Bc6 40. Ke3 Nc4+ 41. Kd4 Nd6 42. Ke3 a5 43. bxa5 bxa5 44. Kd4 Bb7 45. Ke3 a4 46. Kd4 Nb5+ 47. Ke3 Nc3 48. Kd4 Nb5+ 49. Ke3 Nxa3 50. Nxe4+ Bxe4 51. Kxe4 Nc4 52. Bf1 Nd2+ 53. Kd4 Nxf1 54. Kc4 Nxh2 55. Kb4 h4 56. Kxa4 h3 57. Kb4 Nf3 58. Kc4 h2 59. Kd5 h1=Q 60. Ke4 Qg2 61. f5 Ng5+ 62. Kf4 Qf3# 0-1


[Site "https://www.chess.com"]

[Event "Titled Tuesday Blitz April 11 Late 2023"]
[White "Gonzalez, Francisco Silva"]
[Black "Castaneda, Jhon David"]
[WhiteFideId "1512285"]
[BlackFideId "4405048"]
[WhiteElo "2074"]
[BlackElo "2102"]
[Result "0-1"]
[Round "11"]
[TimeControl "180+2"]
[Date "2023.04.11"]
[WhiteClock "0:00:23"]
[BlackClock "0:00:18"]

1. d4 Nf6 2. c4 e6 3. Nc3 Bb4 4. a3 Bxc3+ 5. bxc3 d5 6. e3 O-O 7. Bd3 b6 8. Ne2 Ba6 9. cxd5 Bxd3 10. Qxd3 exd5 11. f3 Re8 12. a4 Nc6 13. O-O Na5 14. Ng3 Qe7 15. Nf5 Qe6 16. Rb1 g6 17. Ng3 Nc4 18. Re1 h5 19. h4 Qd6 20. Kf2 c5 21. e4 dxe4 22. Rxe4 Na5 23. Rxe8+ Rxe8 24. Bg5 c4 25. Qc2 Nd5 26. Ne4 Qc6 27. Rb5 Kf8 28. Rxd5 Qxd5 29. Nf6 Qe6 30. Qd2 Nb3 31. Qd1 Rc8 32. d5 Qd6 33. Bh6+ Ke7 34. Ne4 Qe5 35. d6+ Kd7 36. Bg5 Nc5 37. Nf6+ Kc6 38. d7 Rd8 39. a5 Nd3+ 40. Kg1 Qxa5 41. Qe2 Qc5+ 42. Kh2 Qe5+ 43. Qxe5 Nxe5 44. g4 Nxf3+ 45. Kg3 hxg4 46. Kf4 Nxg5 47. hxg5 Rxd7 48. Kxg4 a5 49. Kf4 a4 50. Nxd7 Kxd7 51. Ke5 a3 52. Kd5 a2 53. Kxc4 a1=Q 54. Kb5 Qxc3 55. Kxb6 Qd4+ 56. Kb7 Qb4+ 0-1


[Site "https://www.chess.com"]

[Event "Titled Tuesday Blitz April 11 Late 2023"]
[White "Rosen, Eric"]
[Black "Ladan, Nicholas"]
[WhiteFideId "2032562"]
[BlackFideId "30918855"]
[WhiteElo "2331"]
[BlackElo "2167"]
[Result "0-1"]
[Round "11"]
[TimeControl "180+2"]
[Date "2023.04.11"]
[WhiteClock "0:00:01"]
[BlackClock "0:00:04"]

1. d4 d5 2. Bf4 c5 3. Nc3 Nc6 4. e4 e5 5. exd5 exf4 6. dxc6 bxc6 7. Nf3 Nf6 8. Bc4 cxd4 9. Nxd4 Bd7 10. Qd2 Bd6 11. O-O-O O-O 12. Nde2 Be5 13. Nxf4 Qa5 14. Nd3 Bxc3 15. Qxc3 Qxc3 16. bxc3 Ne4 17. Ne5 Be6 18. Bxe6 fxe6 19. Rhf1 Nxc3 20. Rd6 Rab8 21. Nd7 Rb1+ 22. Kd2 Rxf1 23. Kxc3 R8xf2 24. Rxe6 h5 25. Ne5 Rxg2 26. h4 Re1 0-1


[Site "https://www.chess.com"]

[Event "Titled Tuesday Blitz April 11 Late 2023"]
[White "Estrada Nieto, Julian"]
[Black "Martic, Ivan"]
[WhiteFideId "5101018"]
[BlackFideId "929301"]
[WhiteElo "2161"]
[BlackElo "2360"]
[Result "0-1"]
[Round "11"]
[TimeControl "180+2"]
[Date "2023.04.11"]
[WhiteClock "0:00:19"]
[BlackClock "0:00:11"]

1. e4 c5 2. Nf3 e6 3. c3 Nf6 4. e5 Nd5 5. Bc4 Nc6 6. d4 cxd4 7. cxd4 d6 8. O-O Be7 9. Qe2 O-O 10. Rd1 Na5 11. b3 Nxc4 12. bxc4 Nb4 13. Nc3 Bd7 14. Ne4 Ba4 15. Rd2 d5 16. Nc5 Bc6 17. Ba3 a5 18. Rb1 dxc4 19. Qxc4 Bxf3 20. gxf3 Bxc5 21. Qxc5 Qg5+ 22. Kh1 Qxd2 23. Rg1 Nd3 24. Qe7 Nxf2+ 25. Kg2 Nd3+ 26. Kh3 Nf4+ 27. Kg4 h5+ 28. Kg3 Ne2+ 29. Kf2 Nxg1+ 30. Kxg1 Rac8 31. Bc5 Rfe8 32. Qd7 Qg5+ 33. Kf2 Red8 34. Qxb7 Qd2+ 35. Kg3 Qg5+ 36. Kf2 Rb8 37. Qe4 Rb2+ 38. Kf1 Qg2+ 39. Ke1 Qd2+ 0-1


[Site "https://www.chess.com"]

[Event "Titled Tuesday Blitz April 11 Late 2023"]
[White "Francisco Guecamburu, Candela Be"]
[Black "Kovalevsky, Stanislav"]
[WhiteFideId "160911"]
[BlackFideId "13508598"]
[WhiteElo "2326"]
[BlackElo "2174"]
[Result "0-1"]
[Round "11"]
[TimeControl "180+2"]
[Date "2023.04.11"]
[WhiteClock "0:00:05"]
[BlackClock "0:00:15"]

1. e4 e6 2. d4 d5 3. Nc3 dxe4 4. Nxe4 Nf6 5. Bg5 Be7 6. Bxf6 gxf6 7. Nf3 b6 8. Qd2 Bb7 9. Nc3 Rg8 10. O-O-O a6 11. d5 e5 12. Bd3 Rxg2 13. Rhg1 Rxg1 14. Rxg1 Nd7 15. Rg8+ Nf8 16. Bxh7 Qd7 17. Nh4 Qh3 18. Qh6 Qf1+ 19. Nd1 O-O-O 20. Nf5 Bc5 21. Ng3 Qe1 22. Qxf6 Rxd5 23. Bd3 Rd8 24. Qxf7 e4 25. Qf5+ Kb8 26. Nxe4 Bb4 27. a3 Bxe4 28. Qxe4 Qd2+ 29. Kb1 Qxd1+ 30. Ka2 Bc5 31. Rg1 Qxg1 32. Bxa6 Qg8+ 33. b3 Qd5 0-1


[Site "https://www.chess.com"]

[Event "Titled Tuesday Blitz April 11 Late 2023"]
[White "Novik, Maxim"]
[Black "Senthilkumar, Pranav"]
[WhiteFideId "4102924"]
[BlackFideId "2083477"]
[WhiteElo "2287"]
[BlackElo "1860"]
[Result "0-1"]
[Round "11"]
[TimeControl "180+2"]
[Date "2023.04.11"]
[WhiteClock "0:00:01"]
[BlackClock "0:00:03"]

1. c4 e5 2. Nc3 Nf6 3. Nf3 Nc6 4. g3 d5 5. cxd5 Nxd5 6. Bg2 Nb6 7. O-O Be7 8. Rb1 Be6 9. b4 a6 10. a4 Bf6 11. Ne4 O-O 12. Nc5 Bc8 13. d3 Be7 14. Be3 Nd5 15. Bd2 Ndxb4 16. Bxb4 Nxb4 17. Qc1 Nc6 18. Nxb7 Bxb7 19. Rxb7 Qd6 20. Qc4 Na5 21. Qe4 Nxb7 22. Qxb7 Rab8 23. Qe4 Rb4 24. Qe3 e4 25. dxe4 Rxa4 26. e5 Qb6 27. Qc3 c5 28. Nd2 Qb4 29. Qc2 c4 30. Rb1 Qa3 31. Nxc4 Qa2 32. Qxa2 Rxa2 33. Bf3 g6 34. Rb7 Bc5 35. Rc7 Bd4 36. e3 Ba1 37. Bd5 a5 38. Nd6 Bxe5 39. Bxa2 Bxd6 40. Ra7 Bb4 41. Kg2 Kg7 42. f4 Kf6 43. Kf3 Be7 44. e4 Bb4 45. e5+ Kg7 46. e6 h5 47. exf7 Kf6 48. h3 Kg7 49. g4 hxg4+ 50. hxg4 Kf6 51. g5+ Kg7 52. Be6 Rd8 53. Ke4 Rf8 54. Kf3 Rd8 55. Kg4 Rf8 56. Bc4 Rd8 57. Bb3 Rf8 58. Ba2 Rd8 59. f8=Q+ Kxf8 60. f5 gxf5+ 61. Kxf5 Rd5+ 62. Kg4 Rd6 63. Kh5 Ke8 64. g6 Bc3 65. g7 Bxg7 0-1


[Site "https://www.chess.com"]

[Event "Titled Tuesday Blitz April 11 Late 2023"]
[White "Davidson, Kevin"]
[Black "Silva, Caio Henrique Angelico"]
[WhiteFideId "2056810"]
[BlackFideId "22777210"]
[WhiteElo "2151"]
[BlackElo "2096"]
[Result "0-1"]
[Round "11"]
[TimeControl "180+2"]
[Date "2023.04.11"]
[WhiteClock "0:00:01"]
[BlackClock "0:00:07"]

1. e4 c6 2. d4 d5 3. e5 c5 4. dxc5 e6 5. a3 Bxc5 6. Qg4 g6 7. Nf3 h5 8. Qf4 Nh6 9. Bd3 Nf5 10. O-O Nc6 11. b4 Bb6 12. Bb2 a5 13. b5 Nce7 14. Nbd2 Bd7 15. c4 Rc8 16. Rac1 O-O 17. a4 Bc5 18. Rfd1 Qb6 19. Ng5 Ne3 20. Re1 Ng4 21. Re2 Nxf2 22. Rxf2 Be3 23. Qh4 Bxd2 24. Bd4 Qxd4 25. Qxd4 Bxc1 26. Nf3 Ba3 27. Qh4 dxc4 28. Bxc4 Nf5 29. Qf4 Bc5 30. Bd3 Be3 31. Qe4 Rc1+ 32. Bf1 Bxf2+ 33. Kxf2 Rfc8 34. Qxb7 R8c2+ 35. Be2 Be8 36. Qa8 Kf8 37. b6 Rb1 38. b7 Rcb2 39. Qxa5 Rxb7 40. Bb5 Bxb5 41. axb5 Rb2+ 42. Ke1 R2xb5 43. Qd8+ Kg7 44. Qf6+ Kg8 45. Ng5 Rb1+ 46. Kd2 R1b2+ 47. Kc3 Ne3 0-1


[Site "https://www.chess.com"]

[Event "Titled Tuesday Blitz April 11 Late 2023"]
[White "Hajiyev, Kanan"]
[Black "Spitzl, Vinzent"]
[WhiteFideId "13404148"]
[BlackFideId "12901253"]
[WhiteElo "2103"]
[BlackElo "2225"]
[Result "0-1"]
[Round "11"]
[TimeControl "180+2"]
[Date "2023.04.11"]
[WhiteClock "0:00:02"]
[BlackClock "0:00:12"]

1. d4 Nf6 2. Nf3 d5 3. c4 e6 4. cxd5 exd5 5. Nc3 Bb4 6. Bf4 O-O 7. e3 Ne4 8. Qc2 Bf5 9. Bd3 c5 10. dxc5 Nd7 11. Nd4 Bg6 12. c6 Ndc5 13. Bxe4 Bxe4 14. c7 Qf6 15. Qd2 Nd3+ 16. Kf1 Qg6 17. Bg3 h5 18. h4 f5 19. a3 f4 20. exf4 Rxf4 21. Rh3 Rxf2+ 22. Qxf2 Nxf2 23. Kxf2 Bc5 24. Rd1 Qf6+ 25. Kg1 Bxd4+ 26. Kh2 Be5 27. Nxd5 Bxg3+ 28. Rxg3 Qe5 29. Nc3 Qxc7 30. Nxe4 Rf8 31. Ng5 Rf4 32. Rh3 Rd4+ 33. g3 Rxd1 0-1


[Site "https://www.chess.com"]

[Event "Titled Tuesday Blitz April 11 Late 2023"]
[White "Erzhanov, Arman"]
[Black "Sliwicki, Damian"]
[WhiteFideId "4138821"]
[BlackFideId "1127128"]
[WhiteElo "2138"]
[BlackElo "2030"]
[Result "0-1"]
[Round "11"]
[TimeControl "180+2"]
[Date "2023.04.11"]
[WhiteClock "0:00:02"]
[BlackClock "0:00:06"]

1. e4 c5 2. Nf3 g6 3. d4 cxd4 4. Qxd4 Nf6 5. e5 Nc6 6. Qa4 Nd5 7. Qe4 Ndb4 8. Bb5 d5 9. Qxb4 Bg7 10. Bxc6+ bxc6 11. O-O O-O 12. Be3 Ba6 13. Rd1 Rb8 14. Qa3 Be2 15. Re1 Bxf3 16. gxf3 Bxe5 17. c3 Qd7 18. Nd2 Qh3 19. f4 Bd6 20. b4 e5 21. fxe5 Bxe5 22. f4 Bg7 23. Rac1 Rfe8 24. Qxa7 Ra8 25. Qc5 Rxa2 26. Rcd1 Qg4+ 27. Kh1 Bf8 28. Qd4 c5 29. bxc5 Re4 30. Qd3 Qh3 31. Qf1 Qh5 32. Nf3 Re6 33. Rd2 Ra3 34. Bd4 Rxe1 35. Nxe1 Ra1 36. Re2 Qf5 37. Qf3 Qb1 38. Qf2 Qd3 39. Kg2 Qf5 40. Qe3 Qg4+ 41. Kf2 Be7 42. Qg3 Bh4 43. Qxh4 Qxh4+ 44. Kf1 Qh3+ 45. Kf2 f6 46. c6 Qh4+ 47. Kf3 Qh3+ 48. Kf2 Qxh2+ 49. Kf1 Qh1+ 50. Bg1 Qh4 51. c7 Qh3+ 52. Kf2 Qh4+ 53. Kf3 Qh3+ 54. Kf2 Qc8 55. Re7 Ra2+ 56. Kf3 Qh3# 0-1


[Site "https://www.chess.com"]